AoeStats
← NDF

Arena

505142747Analyzed
1v1 RM · 24d ago on Sep 8, 2026· 90m 33s· 2 players
Game mode
Random Map
Map size
Tiny (2 player)
Population
200
Speed
Normal
Resources
Standard
Victory
Conquest
Starting age
Dark Age
Ending age
Imperial Age
RankedLock teamsTeams togetherTeam positionsShared explorationLock speedFull tech treeHidden civsTurbo modeCheats
Victory
Defeat
🇳🇿 Chinese · New Zealand
558
+13
🇦🇷 Teutons · Argentina
489
-13
NDF
3:04 Loom
11:45 Feudal Age
18:02 Castle Age
16:19 Man-at-Arms
17:46 Horse Collar
18:45 Stone Mining
21:33 Gold Mining
22:01 Forging
30:26 Heavy Plow
35:07 Imperial Age
32:58 Double-Bit Axe
34:53 Stone Shaft Mining
35:35 Elite Teutonic Knight
36:19 Elite Skirmisher
36:23 Capped Ram
39:33 Ironclad
38:44 Sappers
40:07 Wheelbarrow
39:17 Town Watch
42:31 Hoardings
42:18 Bow Saw
45:09 Heavy Scorpion
46:47 Iron Casting
46:13 Scale Mail Armor
46:14 Padded Archer Armor
46:05 Fletching
47:08 Hand Cart
46:54 Town Patrol
47:04 Scale Barding Armor
49:05 Two-Man Saw
52:16 Crop Rotation
56:11 Blast Furnace
55:27 Chain Mail Armor
55:29 Leather Archer Armor
56:40 Bodkin Arrow
57:24 Masonry
67:35 Ring Archer Armor
67:36 Plate Mail Armor
67:27 Chain Barding Armor
67:31 Ballistics
68:13 Chemistry
66:59 Arrowslits
67:21 Siege Engineers
67:27 Fortified Wall
67:08 Guard Tower
67:09 Heated Shot
69:25 Redemption
69:16 Atonement
69:26 Fervor
69:33 Block Printing
71:31 Devotion
71:52 Sanctity
72:09 Theocracy
72:27 Coinage
71:58 Caravan
74:28 Illumination
76:52 Faith
85:52 Squires
87:18 Arson
86:54 Pikeman
88:11 Halberdier
89:10 Gambesons
88:45 Long Swordsman
DB Crew
10:49 Loom
15:11 Feudal Age
15:44 Double-Bit Axe
15:52 Stone Mining
24:07 Castle Age
22:00 Horse Collar
22:12 Gold Mining
24:45 Wheelbarrow
25:39 Stone Shaft Mining
25:18 Bow Saw
26:09 Fletching
27:22 Fortified Wall
27:34 Ballistics
28:05 Bodkin Arrow
28:39 Great Wall
29:53 Masonry
29:39 Murder Holes
29:58 Padded Archer Armor
35:18 Hand Cart
35:51 Gold Shaft Mining
35:18 Heavy Plow
41:28 Imperial Age
39:48 Town Watch
41:45 Leather Archer Armor
43:17 Chemistry
42:47 Architecture
42:19 Bracer
43:34 Two-Man Saw
44:52 Ring Archer Armor
44:44 Conscription
45:39 Scale Mail Armor
45:50 Forging
47:24 Chain Mail Armor
47:47 Iron Casting
46:39 Elite Chu Ko Nu
49:25 Plate Mail Armor
48:17 Pikeman
48:57 Squires
50:22 Blast Furnace
49:28 Scale Barding Armor
51:39 Thumb Ring
50:54 Elite Skirmisher
50:56 Halberdier
52:59 Rocketry
53:30 Chain Barding Armor
52:51 Cavalier
53:32 Husbandry
53:49 Bloodlines
54:52 Plate Barding Armor
60:42 Fervor
61:01 Illumination
61:00 Sanctity
60:57 Block Printing
60:40 Herbal Medicine
61:22 Theocracy
60:49 Devotion
60:51 Atonement
86:19 Arson
Connection lost

Rejoining the realm…

Still unreachable

The connection could not be restored.

Session expired

The server has moved on; the page needs a fresh start.